Map: Disco Bloodbath LE

Players

Namshar - Winner!

  • Race: Zerg Zerg
  • League: Master
  • Spawn Location: 9:00

MEDOED

  • Race: Zerg Zerg
  • Spawn Location: 3:00

Event: NationWars 2019

VOD

Have the link to the VOD?

Description

Time

  • Played on: Oct. 13, 2019, 3:30 p.m.
  • Length: 5:45
Show
View Real Time Build Order
Export as new Build Order

Namshar Zerg - Winner!

Build Orders: Hatch First 

Get SALT Encoding   

  12  0:00  Drone  
  13  0:12  Overlord  
  13  0:16  Drone  
  14  0:30  Drone x2  
  16  0:47  Hatchery  
  15  0:50  Drone  
  15  0:54  Drone  
  17  0:58  Drone  
  18  1:07  Extractor  
  17  1:12  Spawning Pool  
  17  1:15  Drone  
  17  1:18  Drone  
  18  1:27  Drone  
  19  1:40  Drone  
  20  1:49  Overlord  
  20  1:58  Queen x2  
  20  1:59  Zergling x4  
  26  2:07  Metabolic Boost  
  26  2:10  Drone  
  26  2:11  Drone  
  28  2:20  Drone  
  28  2:21  Drone  
  30  2:32  Hatchery  
  30  2:35  Zergling x2  
  30  2:40  Overlord  
  30  2:46  Drone  
  30  2:49  Drone  
  32  2:54  Evolution Chamber  
  32  2:58  Zergling x4  
  32  3:04  Zergling x4  
  34  3:07  Zergling x2  
  34  3:08  Drone x2  
  34  3:10  Drone  
  38  3:15  Overlord  
  38  3:19  Drone  
  39  3:20  Drone  
  39  3:26  Drone  
  41  3:32  Drone x2  
  43  3:39  Drone x3  
  46  3:46  Zergling x8  
  49  3:49  Roach Warren  
  49  3:52  Zergling x2  
  49  3:53  Zergling x2  
  50  3:57  Zergling x2  
  50  4:00  Zergling x2  
  52  4:06  Zergling x2  
  52  4:07  Zergling x2  
  54  4:15  Zergling x2  
  54  4:16  Zergling x10  
  58  4:18  Zergling x2  
  58  4:22  Zergling x2  
  53  4:27  Zergling x4  
  49  4:34  Zergling x4  
  50  4:42  Zergling x6  
  51  4:53  Roach x3  
  57  5:02  Overlord  
  57  5:05  Drone  
  58  5:08  Extractor  
  59  5:22  Roach x3  
  59  5:27  Zergling x2  
Show
View Real Time Build Order
Export as new Build Order

MEDOED Zerg 

Build Orders: Hatch First, Roach Nydus 

Get SALT Encoding   

  12  0:01  Drone  
  13  0:12  Overlord  
  13  0:18  Drone  
  14  0:30  Drone x2  
  16  0:48  Hatchery  
  15  0:52  Drone  
  15  0:55  Drone  
  17  0:58  Drone  
  18  1:10  Extractor  
  17  1:13  Spawning Pool  
  16  1:18  Drone  
  16  1:20  Drone  
  18  1:27  Drone  
  19  1:39  Overlord  
  19  1:50  Drone  
  20  1:59  Queen  
  20  2:00  Zergling x4  
  26  2:11  Drone x2  
  26  2:13  Lair  
  26  2:14  Extractor  
  25  2:24  Drone x2  
  27  2:35  Roach Warren  
  27  2:36  Drone  
  27  2:40  Drone  
  27  2:41  Queen  
  30  2:48  Drone x2  
  32  3:08  Overlord  
  32  3:11  Nydus Network  
  31  3:15  Roach x2  
  35  3:26  Queen  
  37  3:27  Roach x2  
  37  3:34  Roach  
  41  3:36  Roach  
  41  3:41  Overlord  
  43  3:47  Nydus Canal  
  43  3:56  Overlord  
  43  4:04  Roach x4  
  51  4:19  Roach x2  
  51  4:20  Roach  
  53  4:28  Roach  
  41  4:32  Roach  
  41  4:36  Queen  
  45  4:39  Roach  
  45  4:41  Ravager  
  45  4:44  Roach  
  42  4:49  Roach  
  42  4:52  Roach  
  39  4:59  Nydus Canal  
  37  5:00  Roach  
  37  5:05  Roach  
Tags
 
Add a new tag
Caveats
  • Supply blocks, unpowered buildings, or Contaminate may cause inaccurate times.
  • Supply counts are checked every 10 seconds.